Map: Pillars of Gold LE

Players

ShazbotJr

  • Race: Protoss Protoss
  • League: Master
  • Spawn Location: 7:00

ViBE - Winner!

  • Race: Zerg Zerg
  • League: Bronze
  • Spawn Location: 1:00

VOD

https://www.youtube.com/watch?v=VjhJ7E-kFgw&list=PLFeZeom2b4DnD3FIu7pzkXl51JX_WWz2h&index=2

Description

Time

  • Played on: March 10, 2021, 11:18 p.m.
  • Length: 18:43
Show
View Real Time Build Order
Export as new Build Order

ShazbotJr Protoss 

Build Orders: Carriers 

Get SALT Encoding   

  12  0:07  Probe  
  13  0:17  Pylon  
  13  0:23  Probe (Chrono Boost)  
  14  0:31  Assimilator  
  14  0:34  Probe (Chrono Boost)  
  15  0:45  Gateway  
  15  0:53  Probe  
  16  1:05  Probe  
  17  1:15  Forge  
  17  1:17  Probe (Chrono Boost)  
  18  1:21  Assimilator  
  18  1:30  Probe (Chrono Boost)  
  19  1:36  Probe (Chrono Boost)  
  20  2:04  Probe (Chrono Boost)  
  21  2:17  Probe (Chrono Boost)  
  22  2:27  Pylon  
  22  2:33  Pylon  
  22  2:45  Zealot  
  22  2:47  Pylon  
  22  2:51  Pylon  
  24  2:55  Nexus  
  24  3:06  Assimilator  
  26  3:12  Zealot  
  26  3:15  Assimilator  
  26  3:24  Photon Cannon  
  26  3:27  Photon Cannon  
  26  3:39  Zealot  
  28  3:45  Protoss Shields Level 1, Cybernetics Core  
  28  3:58  Probe (Chrono Boost)  
  29  4:07  Zealot  
  32  4:10  Probe (Chrono Boost)  
  34  4:17  Probe (Chrono Boost)  
  34  4:19  Probe (Chrono Boost)  
  35  4:25  Probe (Chrono Boost)  
  35  4:27  Probe (Chrono Boost)  
  35  4:30  Probe (Chrono Boost)  
  36  4:36  Probe  
  38  4:41  Stalker, Probe  
  41  4:48  Probe  
  42  4:53  Probe  
  43  5:05  Probe (Chrono Boost)  
  44  5:11  Stalker  
  46  5:17  Probe (Chrono Boost)  
  47  5:22  Probe (Chrono Boost)  
  48  5:32  Probe  
  49  5:36  Warp Gate  
  49  5:40  Twilight Council  
  49  5:41  Stalker  
  51  5:44  Pylon  
  51  5:46  Pylon  
  51  5:58  Gateway  
  51  5:59  Gateway  
  51  6:06  Robotics Facility  
  51  6:08  Robotics Facility  
  51  6:11  Stalker  
  53  6:15  Stargate  
  53  6:20  Stargate  
  53  6:23  Pylon  
  53  6:32  Pylon  
  53  6:33  Charge  
  53  6:41  Stalker  
  55  7:03  Fleet Beacon  
  55  7:05  Robotics Bay  
  55  7:11  Photon Cannon  
  55  7:13  Photon Cannon  
  57  7:15  Photon Cannon  
  55  7:27  Stalker  
  55  7:29  Stalker  
  59  7:30  Stalker  
  61  7:41  Nexus  
  61  7:46  Assimilator  
  61  7:49  Protoss Air Armor Level 1  
  61  7:52  Assimilator  
  61  7:57  Pylon  
  61  7:59  Pylon  
  61  8:02  Pylon  
  61  8:14  Blink  
  61  8:23  Carrier  
  67  8:45  Probe (Chrono Boost)  
  68  8:55  Probe (Chrono Boost)  
  69  8:59  Probe (Chrono Boost)  
  69  9:00  Probe (Chrono Boost)  
  71  9:09  Probe  
  72  9:11  Probe  
  72  9:14  Carrier  
  72  9:16  Colossus  
  85  9:21  Probe (Chrono Boost)  
  87  9:26  Probe (Chrono Boost)  
  87  9:33  Probe (Chrono Boost)  
  88  9:40  Probe (Chrono Boost)  
  88  9:41  Photon Cannon  
  88  9:43  Photon Cannon  
  88  9:45  Photon Cannon  
  89  9:47  Probe (Chrono Boost)  
  89  9:49  Photon Cannon  
  89  9:51  Photon Cannon  
  90  9:53  Photon Cannon x2  
  91  10:00  Probe (Chrono Boost)  
  92  10:07  Probe (Chrono Boost)  
  92  10:09  Probe (Chrono Boost)  
  92  10:11  Extended Thermal Lance  
  92  10:12  Colossus  
  99  10:14  Observer  
  99  10:17  Probe (Chrono Boost)  
  99  10:20  Carrier  
  107  10:29  Carrier  
  113  10:38  Protoss Ground Armor Level 1  
  113  10:47  Colossus  
  119  10:57  Probe (Chrono Boost)  
  120  11:08  Probe (Chrono Boost)  
  121  11:13  Probe (Chrono Boost)  
  121  11:14  Mothership (Chrono Boost)  
  130  11:23  Probe  
  131  11:35  Probe  
  132  11:50  Carrier  
  138  12:03  Pylon  
  138  12:05  Pylon  
  138  12:07  Pylon  
  138  12:11  Photon Cannon  
  138  12:15  Photon Cannon x2  
  138  12:19  Photon Cannon  
  138  12:21  Carrier  
  144  12:23  Pylon  
  88  13:24  Colossus x2  
  94  13:29  Carrier x2  
  62  14:10  Zealot  
  62  14:11  Zealot  
  62  14:13  Zealot  
  67  14:21  Colossus  
  45  14:33  Carrier  
  45  14:34  Carrier  
  41  15:14  Colossus  
  41  15:38  Carrier  
Show
View Real Time Build Order
Export as new Build Order

ViBE Zerg - Winner!

Build Orders: Hatch First 

Get SALT Encoding   

  12  0:01  Drone  
  13  0:15  Overlord  
  13  0:18  Drone  
  14  0:34  Drone  
  14  0:35  Drone  
  16  0:52  Hatchery  
  15  0:58  Drone  
  15  0:59  Drone  
  17  1:16  Drone  
  17  1:17  Drone  
  19  1:30  Spawning Pool  
  18  1:33  Extractor  
  18  1:39  Drone x2  
  19  2:01  Overlord  
  19  2:07  Drone x3  
  22  2:17  Queen x2  
  26  2:27  Drone x4  
  30  2:43  Drone x2  
  32  2:51  Overlord  
  32  2:56  Drone  
  33  3:07  Lair  
  33  3:09  Queen  
  33  3:10  Overlord  
  35  3:14  Drone  
  35  3:15  Drone x2  
  38  3:29  Drone x3  
  41  3:36  Roach Warren  
  41  3:37  Drone x6  
  46  3:42  Evolution Chamber  
  46  3:46  Evolution Chamber  
  44  3:53  Drone x4  
  48  4:08  Extractor  
  47  4:10  Extractor  
  47  4:15  Drone x4  
  50  4:18  Overlord  
  50  4:19  Overlord  
  50  4:25  Hatchery  
  49  4:41  Roach  
  49  4:42  Roach x5  
  49  4:43  Glial Reconstitution  
  49  4:45  Zerg Missile Weapons Level 1  
  61  5:04  Overlord  
  61  5:05  Overlord  
  61  5:19  Drone  
  61  5:20  Drone x5  
  67  5:25  Queen  
  69  5:44  Drone  
  69  5:45  Drone x4  
  74  5:53  Overlord  
  74  5:54  Overlord  
  74  6:13  Drone x8  
  74  6:15  Drone x3  
  74  6:16  Drone  
  86  6:19  Extractor  
  86  6:20  Extractor  
  86  6:24  Extractor, Drone  
  84  6:39  Drone x2  
  86  6:44  Hatchery  
  85  6:47  Hydralisk Den  
  85  6:48  Zerg Ground Armor Level 1, Zerg Missile Weapons Level 2  
  85  6:49  Overlord x4  
  85  6:50  Overlord x2  
  84  7:21  Grooved Spines  
  84  7:26  Hydralisk x6  
  84  7:27  Hydralisk x10  
  84  7:28  Hydralisk  
  84  7:29  Hydralisk  
  120  7:58  Infestation Pit  
  119  8:30  Hydralisk x18  
  119  8:31  Hydralisk x2  
  119  8:33  Muscular Augments  
  159  8:52  Overlord x3  
  159  8:53  Overlord x2  
  159  8:54  Overlord  
  159  8:56  Zerg Ground Armor Level 2  
  159  9:04  Hive  
  159  9:24  Drone x10  
  159  9:25  Drone x11  
  159  9:29  Extractor x2  
  178  9:53  Hatchery  
  177  10:45  Drone x3  
  177  10:46  Drone  
  181  11:13  Hydralisk x9  
  195  12:37  Zerg Ground Armor Level 3, Zerg Missile Weapons Level 3  
  189  12:55  Hatchery  
  160  13:07  Hydralisk x14  
  160  13:08  Hydralisk x8  
  160  13:09  Hydralisk  
  166  16:41  Overseer  
Tags
 
Composition
Carriers
Matchup
PvZ
Player
ViBE
Replay Pack
Bronze_League
Spawn Locations
Cross Positions
Add a new tag
Caveats
  • Supply blocks, unpowered buildings, or Contaminate may cause inaccurate times.
  • Supply counts are checked every 10 seconds.